AoeStats
← Toblerone Order

MegaRandom

507090400Analyzed
4v4 RM · 16d ago on Sep 16, 2026· 39m 15s· 8 players
Game mode
Random Map
Map size
Large (8 player)
Population
200
Speed
Normal
Resources
Standard
Victory
Conquest
Starting age
Dark Age
Ending age
Imperial Age
RankedLock teamsTeams togetherTeam positionsShared explorationLock speedFull tech treeHidden civsTurbo modeCheats
Victory
Defeat
🇨🇿 Vietnamese · Czechia
1565
+16
🇹🇷 Saracens · Türkiye
1482
+19
🇹🇷 Franks · Türkiye
1480
+19
🇲🇽 Turks · Mexico
1437
+20
🇹🇷 Jurchens · Türkiye
1617
-21
🇺🇸 Tupi · United States
1588
-20
🇨🇳 Gurjaras · China
1559
-19
🇨🇱 Inca · Chile
1424
-14
El Papá
11:54 Feudal Age
13:10 Loom
15:46 Castle Age
13:47 Double-Bit Axe
14:14 Fishing Lines
17:01 Medium Warships
16:42 Fletching
17:46 Bow Saw
18:54 Bodkin Arrow
23:40 Bloodlines
23:41 Padded Archer Armor
24:56 Thumb Ring
25:48 Wheelbarrow
25:52 Husbandry
26:40 Ballistics
29:42 Leather Archer Armor
31:31 Horse Collar
35:14 Hand Cart
38:23 Sipahi
Toblerone Order
4:55 Loom
10:40 Feudal Age
11:11 Double-Bit Axe
14:22 Wheelbarrow
19:56 Castle Age
18:26 Scale Barding Armor
27:35 Gold Mining
30:48 Forging
Sir Dancealot
5:14 Loom
12:43 Feudal Age
13:37 Double-Bit Axe
16:58 Castle Age
15:43 Horse Collar
15:59 Gold Mining
17:57 Horse Collar
21:13 Bow Saw
22:57 Wheelbarrow
24:44 Heavy Plow
25:18 Husbandry
26:04 Scale Barding Armor
26:47 Hand Cart
27:29 Chain Barding Armor
27:37 Bloodlines
28:37 Gold Shaft Mining
28:45 Forging
33:51 Imperial Age
34:03 Elite Mameluke
35:04 Conscription
35:34 Plate Barding Armor
35:34 Iron Casting
Mr_Asphalt
6:49 Loom
10:13 Feudal Age
10:52 Double-Bit Axe
10:49 Horse Collar
20:05 Castle Age
21:17 Wheelbarrow
21:28 Bow Saw
21:18 Heavy Plow
25:33 Fletching
33:37 Imperial Age
31:09 Gold Mining
31:51 Bodkin Arrow
31:57 Padded Archer Armor
32:20 Ballistics
31:42 Treadmill Crane
32:58 Hand Cart
33:31 Thumb Ring
33:51 Leather Archer Armor
34:08 Elite Rattan Archer
36:20 Ring Archer Armor
36:59 Chemistry
37:36 Bracer
38:52 Hoardings
38:58 Onager
Chris
9:28 Loom
11:13 Feudal Age
12:37 Town Watch
13:07 Double-Bit Axe
15:44 Castle Age
16:50 Bow Saw
16:31 Fletching
17:13 Bodkin Arrow
17:29 Gold Mining
19:16 Wheelbarrow
20:11 Ballistics
24:38 Padded Archer Armor
25:44 Horse Collar
28:12 Leather Archer Armor
35:38 Imperial Age
36:18 Bracer
38:24 Chemistry
LaPosta
0:49 Loom
12:10 Feudal Age
16:59 Castle Age
15:07 Champi Runner
15:52 Double-Bit Axe
17:32 Scale Mail Armor
18:04 Squires
17:45 Pikeman
18:17 Town Watch
20:26 Bow Saw
21:27 Champi Warrior
26:22 Horse Collar
26:57 Fletching
28:05 Gold Mining
30:42 Bodkin Arrow
31:42 Chain Mail Armor
33:35 Wheelbarrow
33:42 Andean Sling
34:07 Forging
37:32 Imperial Age
35:27 Padded Archer Armor
35:37 Forging
36:20 Ballistics
36:34 Heavy Plow
37:10 Gold Shaft Mining
37:43 Elite Skirmisher
Bz_青红
9:27 Loom
11:43 Feudal Age
12:31 Double-Bit Axe
15:44 Horse Collar
16:26 Fletching
20:43 Castle Age
LonzoWall
4:54 Loom
10:33 Feudal Age
14:15 Scale Barding Armor
14:27 Double-Bit Axe
21:25 Bloodlines
27:14 Castle Age
26:07 Forging
26:55 Horse Collar
27:18 Light Cavalry
27:59 Husbandry
33:33 Chain Barding Armor
36:23 Wheelbarrow
41:48 Imperial Age
Connection lost

Rejoining the realm…

Still unreachable

The connection could not be restored.

Session expired

The server has moved on; the page needs a fresh start.